 Dungeon Crawl Stone Soup version 0.21.0-3-g78d12a8 (webtiles) character file.

65 rgaf the Caller (level 3, -1/19 HPs)
             Began as a Deep Elf Summoner on Jan 16, 2018.
             Slain by a leopard gecko (5 damage)
             ... on level 3 of the Dungeon.
             The game lasted 00:03:32 (3314 turns).

rgaf the Caller (Deep Elf Summoner)                 Turns: 3314, Time: 00:03:33

Health: -1/19      AC:  2    Str:  5    XL:     3   Next: 92%
Magic:  10/10      EV: 13    Int: 20    God:
Gold:   159        SH:  0    Dex: 15    Spells: 4/10 levels left

rFire    . . .     SeeInvis .   u - +0 halberd
rCold    + . .     Gourm    .   (shield currently unavailable)
rNeg     . . .     Faith    .   a - +0 robe
rPois    .         Spirit   .   (no helmet)
rElec    .         Reflect  .   (no cloak)
rCorr    .         Harm     .   (no gloves)
MR       .....                  (no boots)
Stlth    ++........             (no amulet)
HPRegen  0.06/turn              i - ring of protection from cold
MPRegen  0.12/turn              (no ring)

@: no status effects
A: no striking features
a: no special abilities


You were on level 3 of the Dungeon.
You were not hungry.

You visited 1 branch of the dungeon, and saw 3 of its levels.

You collected 159 gold pieces.

Inventory:

Hand Weapons
 u - a +0 halberd (weapon)
Missiles
 g - 43 stones (quivered)
Armour
 a - a +0 robe (worn)
 h - a +0 buckler
Jewellery
 f - a +3 ring of evasion {unknown}
 i - a ring of protection from cold (left hand)
 s - a +3 ring of intelligence {unknown}
Scrolls
 e - 4 scrolls of identify {unknown}
 k - a scroll of remove curse {unknown}
 n - a scroll of random uselessness {unknown}
 o - a scroll of teleportation {unknown}
 q - a scroll of enchant weapon {unknown}
Potions
 j - 2 potions of might {unknown}
 l - a potion of mutation {unknown}
 m - a potion of agility {unknown}
 p - a potion of brilliance {unknown}
 t - a potion of degeneration {unknown}
Books
 b - a book of Callings

   Spells                             Type                      Level
   a - Summon Small Mammal            Summoning                    1
   b - Call Imp                       Summoning                    2
   c - Call Canine Familiar           Summoning                    3
   d - Summon Guardian Golem          Hexes/Summoning              3
   e - Summon Lightning Spire         Summoning/Air                4
   f - Summon Ice Beast               Ice/Summoning                4
Comestibles
 c - 6 rations
 d - 5 chunks of flesh


   Skills:
 - Level 2.4 Dodging
 - Level 2.4 Stealth
 + Level 4.1 Spellcasting
 * Level 5.6 Summonings


You had 4 spell levels left.
You knew the following spells:

 Your Spells              Type           Power        Failure   Level  Hunger
a - Summon Small Mammal   Summ           ####         1%          1    None
b - Call Imp              Summ           ####....     1%          2    #......
c - Call Canine Familiar  Summ           ####....     3%          3    ###....


Dungeon Overview and Level Annotations

Branches:
Dungeon (3/15)

Altars:
Gozag
Qazlal


Message History

You miss the leopard gecko.
The leopard gecko is almost dead.
The leopard gecko barely misses you. The leopard gecko closely misses you.
You closely miss the leopard gecko.
The leopard gecko is almost dead.
The leopard gecko bites you.
The leopard gecko completely misses you.
You closely miss the leopard gecko.
The leopard gecko is almost dead.
The leopard gecko closely misses you.
The leopard gecko bites you but does no damage.
You barely miss the leopard gecko.
The leopard gecko is almost dead.
The leopard gecko bites you.
You closely miss the leopard gecko.
The leopard gecko is almost dead.
The leopard gecko bites you.
* * * LOW HITPOINT WARNING * * *
The leopard gecko bites you.
You die...

#.# #.#
#############.#
#.............#
#.###########.#
#.# #.# #.# #.#
#.# #.# #.# #@#
#.#.# #l# #.#.#
#.# #.#.# #.#
#.#.# #.#
##.#.# #.#
...#.# #.#
...#.# #.#
.....#


You could see a leopard gecko.

Vanquished Creatures
  A leopard gecko (D:3)
  A giant cockroach (D:3)
  2 hobgoblins
  A ball python (D:1)
  5 bats
  6 goblins
  4 kobolds
  10 rats
30 creatures vanquished.

Vanquished Creatures (collateral kills)
  3 gnolls (D:3)
  3 adders
  4 kobolds
  A quokka (D:2)
  A rat (D:1)
12 creatures vanquished.

Grand Total: 42 creatures vanquished

Notes
Turn   | Place    | Note
-------+----------+-------------------------------------------
     0 | D:1      | rgaf the Deep Elf Summoner began the quest for the Orb.
     0 | D:1      | Reached XP level 1. HP: 10/10 MP: 6/6
   584 | D:1      | Reached XP level 2. HP: 15/15 MP: 8/8
  1744 | D:2      | Reached skill level 5 in Summonings
  2141 | D:2      | Reached XP level 3. HP: 19/19 MP: 10/10
  2527 | D:2      | Found a stormy altar of Qazlal.
  2527 | D:2      | Found an opulent altar of Gozag.
  2578 | D:2      | Learned a level 2 spell: Call Imp
  2582 | D:2      | Learned a level 3 spell: Call Canine Familiar
  3314 | D:3      | Slain by a leopard gecko

Skill      XL: |  1  2  3 |
---------------+----------+-----
Summonings     | 5 |  5.6
Spellcasting   | 4 |  4.1
Dodging        | |  2.4
Stealth        | |  2.4

Action                   || total
-------------------------++-------
Melee: Spear             ||   103
       Halberd           ||    26
       Whip              ||    13
 Cast: Summon Small Mamm ||    19
       Call Imp          ||     7
 Stab: Sleeping          ||     6
       Distracted        ||     1
  Eat: Chunk             ||     8
Armor: Robe              ||    25
Dodge: Dodged            ||   109
